 Dungeon Crawl Stone Soup version 0.30-a0-954-gcf5f444c16 (webtiles) character file.

Game seed: 13556323944553727234

179 Jane2 the Ruffian (level 5, -8/44 HPs)
             Began as a Ghoul Gladiator on Mar 29, 2023.
             Was an Initiate of Dithmenos.
             Mangled by an ogre
             ... wielding a +0 giant club
              (17 damage)
             ... on level 4 of the Dungeon.
             The game lasted 00:14:19 (2765 turns).

Jane2 the Ruffian (Ghoul Gladiator)                 Turns: 2765, Time: 00:14:19

Health: -8/44      AC:  9    Str: 20    XL:     5   Next: 59%
Magic:  4/4        EV:  8    Int:  3    God:    Dithmenos [......]
Gold:   207        SH:  0    Dex: 10    Spells: 4/4 levels left

rFire   . . .      SeeInvis .      - Unarmed
rCold   + . .      Faith    .    (no shield)
rNeg    + + +      Spirit   .    i - +0 chain mail
rPois   ∞          Reflect  .    b - +0 helmet
rElec   .          Rampage  .    (no cloak)
rCorr   .                        (no gloves)
Will    .....                    (no boots) Stlth
                                 (no amulet)
HPRegen 0.00/turn                (no ring)
MPRegen 0.09/turn                (no ring)

@: inhibited regen
A: claws 1, cold resistance 1, negative energy resistance 3, inhibited
regeneration, torment resistance 2, devour on kill
a: Renounce Religion


You were on level 4 of the Dungeon.
You worshipped Dithmenos.
Dithmenos was noncommittal.
You visited 1 branch of the dungeon, and saw 4 of its levels.

You collected 207 gold pieces.

Inventory:

Missiles
 c - 3 throwing nets (quivered)
 d - a javelin
Armour
 b - a +0 helmet (worn)
 i - a +0 chain mail (worn)
Scrolls
 a - a scroll of amnesia
 g - 2 scrolls of poison
 h - a scroll of enchant armour
 l - a scroll of fear {unknown}
 m - a scroll of magic mapping
 n - a scroll of vulnerability
Potions
 e - 4 potions of curing
 f - 2 potions of heal wounds {unknown}
 k - a potion of lignification {unknown}
 o - 2 potions of might


   Skills:
 * Level 2.9 Fighting
 - Level 1.7 Throwing
 * Level 2.3 Armour
 + Level 3.4 Dodging
 + Level 0.6 Stealth
 + Level 4.8 Unarmed Combat


You had 4 spell levels left.
You didn't know any spells.
Your spell library was empty.

Dungeon Overview and Level Annotations

Branches:
Dungeon (4/15)
 Temple: D:4-7

Altars:
Dithmenos
Fedhas
Nemelex Xobeh


Innate Abilities, Weirdness & Mutations

You are immune to poison.
You have sharp fingernails.
Your flesh is cold resistant. (rC+)
You are immune to negative energy. (rN+++)
You do not regenerate when monsters are visible.
You are immune to unholy pain and torment.
You thrive by killing the living.


Message History

You kill the jackal!
Dithmenos accepts your kill.
A phantom comes into view.
You hear the slow rusting of a very distant drain.
A phantom is nearby!
A kobold comes into view.
It is wielding a +0 short sword and quivering poisoned darts.
The kobold shouts!
The kobold throws a poisoned dart.
The poisoned dart barely misses you.
The kobold throws a poisoned dart.
The poisoned dart barely misses you.
An ogre comes into view. It is wielding a +0 giant club.
The ogre shouts!
You scratch the kobold.
You kill the kobold!
Dithmenos accepts your kill.
The phantom hits you but does no damage.
The phantom hits you but does no damage.
A jackal comes into view.
Found a scroll of identify.
You barely miss the phantom.
The phantom hits you but does no damage.
You claw the phantom!
The phantom is moderately damaged.
The phantom hits you.
The phantom blinks!
You blink.
The phantom attacks as you move away! The phantom hits you.
The jackal bites you. The jackal barely misses you.
The jackal bites you but does no damage.
The phantom attacks as you move away! The phantom hits you.
The jackal barely misses you. The jackal attacks as you move away!
The jackal bites you. The ogre hits you with a +0 giant club!
The phantom barely misses you. The phantom attacks as you move away!
The phantom hits you. The ogre hits you with a +0 giant club!
* * * LOW HITPOINT WARNING * * *
The jackal bites you but does no damage.
There is a stone staircase leading up here.
The jackal bites you but does no damage.
The ogre hits you with a +0 giant club!
You die...

#########
####.......#
...?.......OW.#####.#
.#.........h@........
#.####.##...........
#.# #.##.##.#####..
#.# #.##.##...O....
#.# #.....).#####.#
######.## ####.##.#
........# #....##.#
####..###....##.#
#............##.#


You could see an ogre, a phantom and a jackal.

Vanquished Creatures
  A scorpion (D:3)
  4 adders
  A worm (D:3)
  2 dart slugs (D:1)
  5 orcs (D:3)
  3 ball pythons
  2 bats
  9 endoplasms
  5 giant cockroaches
  4 goblins
  6 hobgoblins
  2 jackals
  6 kobolds
  3 quokkas
  9 frilled lizards
  9 rats
71 creatures vanquished.

Vanquished Creatures (others)
  10 plants (D:1)
10 creatures vanquished.

Grand Total: 81 creatures vanquished

Notes
Turn   | Place    | Note
-------+----------+-------------------------------------------
     0 | D:1      | Jane2 the Ghoul Gladiator began the quest for the Orb.
     0 | D:1      | Reached XP level 1. HP: 17/17 MP: 0/0
   219 | D:1      | Reached XP level 2. HP: 22/24 MP: 1/1
   620 | D:1      | Reached XP level 3. HP: 30/30 MP: 2/2
  1519 | D:2      | Reached skill level 1 in Armour
  1783 | D:2      | Reached XP level 4. HP: 37/37 MP: 3/3
  1786 | D:2      | Reached skill level 4 in Unarmed Combat
  2108 | D:3      | Noticed a scorpion
  2128 | D:3      | Killed a scorpion
  2129 | D:3      | Reached XP level 5. HP: 44/44 MP: 4/4
  2419 | D:3      | Found a blossoming altar of Fedhas.
  2570 | D:3      | Found a shadowy altar of Dithmenos.
  2577 | D:3      | Became a worshipper of Dithmenos the Shadowed
  2590 | D:3      | Found a sparkling altar of Nemelex Xobeh.
  2731 | D:4      | Noticed a phantom
  2749 | D:4      | Noticed an ogre
  2765 | D:4      | Mangled by an ogre

Illustrated notes

Levels and vault maps discovered:
D:1:      kennysheep_arrival_seaside, layout_loops_ring,
          dreamdust_mushroom_princess, kennysheep_boxes
D:2:      layout_rooms
D:3:      minmay_bubble_buster, layout_rooms, nicolae_overflow_quartered_altars
D:4:      layout_loops_ring, gup_sewer_entry_pipe, uniq_robin, uniq_sigmund

Skill      XL: |  1  2  3  4 |
---------------+-------------+-----
Dodging        | 3 |  3.4
Armour         | 1 2 |  2.3
Unarmed Combat | 4 |  4.8
Fighting       | |  2.9
Throwing       | |  1.7
Stealth        | |  0.6

Action                     |  1- 3 |  4- 6 || total
---------------------------+-------+-------++-------
  Melee: Unarmed           |   143 |   104 ||   247
         Punch             |     3 |     3 ||     6
    Use: Scroll            |     4 |     4 ||     8
         Potion            |     2 |       ||     2
 Armour: Leather armour    |    22 |       ||    22
         Chain mail        |    61 |    53 ||   114
         Ring mail         |     5 |       ||     5
  Dodge: Dodged            |   126 |    47 ||   173

Table legend: (Time is in decaauts)
 A = Elapsed time spent in this place.
 B = Non-inter-level travel time spent in this place.
 C = Inter-level travel time spent in this place.
 D = Time resting spent in this place.
 E = Time spent auto-exploring this place.
 F = Levels seen in this place.
 G = Mean time per level.
                   A        B        C        D        E       F      G
               +--------+--------+--------+--------+--------+-----+--------+
         Total |   2746 |   2533 |    213 |    538 |    986 |   4 |  686.5 |
       Dungeon |   2746 |   2533 |    213 |    538 |    986 |   4 |  686.5 |
               +--------+--------+--------+--------+--------+-----+--------+

Top non-repeatable levels by time:
     D:1: 1466 daAuts
     D:3: 652 daAuts
     D:2: 552 daAuts
     D:4: 75 daAuts
